AoeStats
← andres-4593

MegaRandom

509977315Analyzed
3v3 RM · 2d ago on Sep 28, 2026· 29m 11s· 6 players
Game mode
Random Map
Map size
Normal (6 player)
Population
200
Speed
Normal
Resources
Standard
Victory
Conquest
Starting age
Dark Age
Ending age
Imperial Age
RankedLock teamsTeams togetherTeam positionsShared explorationLock speedFull tech treeHidden civsTurbo modeCheats
Victory
Defeat
🇺🇸 Berbers · United States
620
+14
🇺🇸 Portuguese · United States
616
+14
🇺🇸 Bengalis · United States
594
+15
🇹🇷 Teutons · Türkiye
777
-23
🇨🇴 Khmer · Colombia
463
-10
🇵🇪 Cumans · Peru
463
-10
Master Suknip
1:39 Loom
3:12 Loom
13:40 Feudal Age
14:40 Horse Collar
14:48 Double-Bit Axe
16:01 Stone Mining
16:18 Gold Mining
22:09 Wheelbarrow
25:12 Castle Age
24:16 Bloodlines
26:10 Hand Cart
26:55 Light Cavalry
27:35 Husbandry
27:51 Forging
27:47 Scale Barding Armor
PicPlaysGMEs
0:33 Loom
17:57 Feudal Age
18:26 Double-Bit Axe
18:25 Horse Collar
19:23 Wheelbarrow
24:22 Castle Age
25:28 Arson
25:43 Squires
25:29 Gambesons
25:05 Man-at-Arms
25:39 Fletching
26:01 Forging
25:53 Scale Mail Armor
Wogsy2010
0:39 Loom
13:54 Feudal Age
14:27 Double-Bit Axe
15:12 Horse Collar
17:03 Gold Mining
17:55 Wheelbarrow
19:33 Fletching
23:10 Castle Age
22:09 Stone Mining
23:26 Forging
26:03 Heavy Plow
26:17 Bodkin Arrow
26:53 Crossbowman
27:38 Thumb Ring
alpirowampir
0:40 Loom
16:22 Feudal Age
16:48 Town Watch
17:38 Wheelbarrow
16:58 Town Watch
19:09 Double-Bit Axe
19:06 Horse Collar
19:19 Gold Mining
19:21 Stone Mining
25:07 Castle Age
26:13 Bow Saw
26:05 Heavy Plow
26:59 Hand Cart
26:45 Town Patrol
26:19 Man-at-Arms
26:21 Pikeman
27:03 Squires
26:49 Gambesons
26:51 Arson
27:17 Bloodlines
andres-4593
0:56 Loom
10:56 Feudal Age
11:20 Horse Collar
11:30 Double-Bit Axe
11:39 Town Watch
14:55 Wheelbarrow
15:29 Gold Mining
22:46 Castle Age
21:00 Man-at-Arms
22:48 Forging
23:11 Scale Mail Armor
23:31 Elite Skirmisher
26:43 Hand Cart
pavelinhos
12:52 Feudal Age
16:51 Bloodlines
18:34 Horse Collar
18:44 Double-Bit Axe
25:24 Scale Barding Armor
27:50 Castle Age
27:26 Stone Mining
27:27 Gold Mining
Connection lost

Rejoining the realm…

Still unreachable

The connection could not be restored.

Session expired

The server has moved on; the page needs a fresh start.